Pick #1

Connor Bedard
Pick #2

Leo Carlsson
Pick #3

Adam Fantilli
Pick #4

Matvei Michkov
Pick #5

David Reinbacher
Pick #6

William Smith
Pick #7

Zachary Benson
Pick #8

Ryan Leonard
Pick #9

Gabriel Perreault
Pick #10

Axel Sandin-Pellika
Pick #11

Daniil But
Pick #12

Dalibor Dvorsky
Pick #13

Quentin Musty
Pick #14

Brayden Yager
Pick #15

Dmitry Simashev
Pick #16

Colby Barlow
Pick #17

Andrew Cristall
Pick #18

Easton Cowan
Pick #19

Jacob Fowler
Pick #20

Oliver Moore
Pick #21

Oliver Bonk
Pick #22

Tom Willander
Pick #23

Calum Ritchie
Pick #24

Tanner Molendyk
Pick #25

Gavin Brindley
Pick #26

Nate Danielson
Pick #27

Pick #28

Pick #29

Pick #30

Pick #31

Pick #32

Pick #33

Pick #34

Pick #35

Pick #36

Pick #37

Pick #38

Pick #39

Pick #40

Pick #41

Pick #42

Pick #43

Pick #44

Pick #45

Pick #46

Pick #47

Pick #48

Pick #49

Pick #50

Pick #51

Pick #52

Pick #53

Pick #54

Pick #55

Pick #56

Pick #57

Pick #58

Pick #59

Pick #60

Pick #61

Pick #62

Pick #63

Pick #64

Pick #65

Pick #66

Pick #67

Pick #68

Pick #69

Pick #70

Pick #71

Pick #72

Pick #73

Pick #74

Pick #75

Pick #76

Pick #77

Pick #78

Pick #79

Pick #80

Pick #81

Pick #82

Pick #83

Pick #84

Pick #85

Pick #86

Pick #87

Pick #88

Pick #89

Pick #90

Pick #91

Pick #92

Pick #93

Pick #94

Pick #95

Pick #96

Pick #97

Pick #98

Pick #99

Pick #100

Pick #101

Pick #102

Pick #103

Pick #104

Pick #105

Pick #106

Pick #107

Pick #108

Pick #109

Pick #110

Pick #111

Pick #112

Pick #113

Pick #114

Pick #115

Pick #116

Pick #117

Pick #118

Pick #119

Pick #120

Pick #121

Pick #122

Pick #123

Pick #124

Pick #125

Pick #126

Pick #127

Pick #128

Pick #129

Pick #130

Full Scoreboard »»

Kings vs Predators

Created - March 3, 2024 at 22:38

Goals
1 2 3 T
Kings 1 0 1 2
Predators 2 0 3 5
Shots
1 2 3 T
Kings 11 9 9 29
Predators 8 14 13 35

GoalsPenalties
1st period
1. Predators , Darnell Nurse 10 (Taylor Hall 20, J.T. Miller 30) at 1:47 (PP)
2. Predators , J.T. Miller 14 (Kyle Connor 28) at 2:49
3. Kings , Jeff Carter 7 (Mike Reilly 12, Andrew Mangiapane 15) at 9:27
Mattias Ekholm (LOS) for Hooking (Minor) at 0:57
2nd period
No Goal
Kirill Marchenko (LOS) for Tripping (Minor) at 0:04
Nick Jensen (LOS) for Hooking (Minor) at 12:41
Taylor Hall (NSH) for Tripping (Minor) at 16:35
3rd period
4. Predators , Kyle Connor 25 (J.T. Miller 31, Gabriel Vilardi 4) at 2:18
5. Predators , J.T. Miller 15 (Gabriel Vilardi 5, Kyle Connor 29) at 2:56
6. Kings , Derek Ryan 10 (Ilya Mikheyev 17, Brandon Saad 23) at 5:28
7. Predators , Kyle Connor 26 (Jake McCabe 6, J.T. Miller 32) at 8:55
J.T. Miller (NSH) for Hooking (Minor) at 16:43
Goalie Stats
Tristan Jarry (LOS), 30 saves from 35 shots - (0.857), L, 11-19-5, 60:00 minutes
Ilya Sorokin (NSH), 27 saves from 29 shots - (0.931), W, 38-14-4, 60:00 minutes
3 StarsOfficial
1 - J.T. Miller (NSH)
2 - Kyle Connor (NSH)
3 - Gabriel Vilardi (NSH)
Referees : Brandon Schrader and Ben O'Quinn
Linesman : Bevan Mills and Steven Walsh
Game Note
No Game Note
Finance
Level 1 -- Attendance: 6500 (100.00%) -- Ticket Income $715,000
Level 2 -- Attendance: 4415 (88.30%) -- Ticket Income $397,350
Level 3 -- Attendance: 2288 (65.37%) -- Ticket Income $171,600
Level 4 -- Attendance: 1113 (100.00%) -- Ticket Income $77,910
Luxury Box -- Attendance: 941 (94.10%) -- Ticket Income $211,725
Game was played at the Bridgestone Arena.
Total Attendance: 15257 (89.15%)
Total Ticket Income: $1,573,585
Other Income: $393,396
Total Income: $1,966,981



Team Name Goals Shots Shots Attemp Shots Blocked PIM HIT PP PK FO%
Kings 2295876250 / 2 (0%)149%
Predators 5356154211 / 3 (33%)051%

Kings
Player Name POS G A P +/- PIM HIT SHT SB MP PP MP PP SHT PK MP PK SHT FO% FOT
Andrew MangiapaneLW011-1003017:021:3410:0000% 1
Brandon SaadLW0110003017:282:2400:0000% 3
Cole SillingerC000000005:210:0000:00057% 7
Conor ShearyLW000-1000016:300:0001:0900% 0
David SavardD000-1020222:491:2002:2500% 0
Derek RyanC1010035018:372:2411:09040% 25
Dmitry OrlovD0000041121:482:3803:2500% 0
Evander KaneLW000-1051017:021:3400:000100% 1
Ilya MikheyevRW0110025017:282:2400:0000% 1
Jason DickinsonC000-1021019:000:0003:39052% 27
Jeff CarterC101-1002017:021:3400:00067% 18
Kirill MarchenkoRW000022005:200:0000:000100% 1
Mattias EkholmD000-1203222:121:2011:4900% 0
Mike ReillyD011-1001016:250:0000:0000% 0
Nick JensenD0000221220:112:3811:4900% 0
Rasmus RistolainenD000-1030016:330:0000:0800% 0
Tyler MotteC000000109:000:0003:3900% 2
Victor OlofssonLW000-1002015:210:0000:0000% 0
Predators
Player Name POS G A P +/- PIM HIT SHT SB MP PP MP PP SHT PK MP PK SHT FO% FOT
Alex TuchRW000-1015018:232:0720:0000% 0
Bo HorvatC000-1024015:392:4110:00052% 21
Brandon CarloD000-2041122:292:0701:2700% 0
Colton SissonsC0000000010:020:0002:16058% 12
Darnell NurseD1011035123:162:0721:2700% 0
Gabriel VilardiRW0224000014:140:0000:00050% 2
J.T. CompherLW000-1002015:440:0002:460100% 2
J.T. MillerC2354263017:062:0700:46047% 19
Jack McBainC000000008:490:0001:0300% 0
Jake McCabeD0113020215:080:0002:3100% 0
Kyle ConnorLW2244006017:042:4110:0900% 1
Lucas RaymondLW000-1000018:572:4100:000100% 2
Nikita ZadorovD0003010015:080:0002:3100% 0
Roman JosiD000-2002121:362:4110:0000% 0
Tage ThompsonC000-1002016:160:0000:00050% 20
Taylor HallLW011-1201015:042:0700:00040% 5
Thomas ChabotD0001003022:232:4130:0000% 0
Yakov TreninC000002108:420:0000:5600% 2



Play-by-Play

1st period


0:01 of 1st period - Tage Thompson wins face-off versus Jeff Carter in neutral zone.
0:57 of 1st period - Minor Penalty to Mattias Ekholm for Hooking.
0:58 of 1st period - Jason Dickinson wins face-off versus Bo Horvat in Kings zone.
1:16 of 1st period - Shot by Kyle Connor.
1:16 of 1st period - Stopped by Tristan Jarry with a rebound.
1:47 of 1st period - Shot by Darnell Nurse.
1:47 of 1st period - Goal by Darnell Nurse - Kings : 0 - Predators : 1.
1:48 of 1st period - Colton Sissons wins face-off versus Derek Ryan in neutral zone.
2:19 of 1st period - Shot by Derek Ryan.
2:19 of 1st period - Shot Misses the Net.
2:49 of 1st period - Shot by J.T. Miller.
2:49 of 1st period - Goal by J.T. Miller - Kings : 0 - Predators : 2.
2:50 of 1st period - Jason Dickinson wins face-off versus Bo Horvat in neutral zone.
3:33 of 1st period - Shot by Victor Olofsson.
3:33 of 1st period - Shot Misses the Net.
3:44 of 1st period - Icing by Thomas Chabot.
3:45 of 1st period - J.T. Compher wins face-off versus Cole Sillinger in Predators zone.
4:12 of 1st period - Shot by Tyler Motte.
4:12 of 1st period - Stopped by Ilya Sorokin without a rebound.
4:13 of 1st period - Tage Thompson wins face-off versus Jeff Carter in Predators zone.
4:13 of 1st period - Tage Thompson is hit by Evander Kane.
4:27 of 1st period - Shot by Tage Thompson.
4:27 of 1st period - Stopped by Tristan Jarry without a rebound.
4:28 of 1st period - J.T. Miller wins face-off versus Jason Dickinson in Kings zone.
5:01 of 1st period - Shot by Kyle Connor.
5:01 of 1st period - Shot Blocked by Nick Jensen.
6:32 of 1st period - Shot by Bo Horvat.
6:32 of 1st period - Shot Misses the Net.
6:34 of 1st period - Shot by J.T. Compher.
6:34 of 1st period - Shot Misses the Net.
7:09 of 1st period - Off-side.
7:10 of 1st period - Jeff Carter wins face-off versus Kyle Connor in neutral zone.
7:10 of 1st period - Mike Reilly is hit by J.T. Miller and loses puck.
7:53 of 1st period - Rasmus Ristolainen is hit by Brandon Carlo and loses puck.
8:07 of 1st period - Evander Kane is hit by Darnell Nurse and loses puck.
8:15 of 1st period - Icing by Thomas Chabot.
8:16 of 1st period - Lucas Raymond wins face-off versus Cole Sillinger in Predators zone.
8:16 of 1st period - Lucas Raymond is hit by Kirill Marchenko.
8:37 of 1st period - Icing by Cole Sillinger.
8:38 of 1st period - Kirill Marchenko wins face-off versus Bo Horvat in Kings zone.
8:56 of 1st period - Shot by Cole Sillinger.
8:56 of 1st period - Shot Misses the Net.
8:58 of 1st period - Shot by Mattias Ekholm.
8:58 of 1st period - Stopped by Ilya Sorokin with a rebound.
9:00 of 1st period - Shot by Mattias Ekholm.
9:00 of 1st period - Stopped by Ilya Sorokin without a rebound.
9:01 of 1st period - Colton Sissons wins face-off versus Derek Ryan in Predators zone.
9:15 of 1st period - Shot by Colton Sissons.
9:15 of 1st period - Deflect By Yakov Trenin.
9:15 of 1st period - Stopped by Tristan Jarry without a rebound.
9:16 of 1st period - Jeff Carter wins face-off versus Tage Thompson in Kings zone.
9:27 of 1st period - Shot by Jeff Carter.
9:27 of 1st period - Goal by Jeff Carter - Kings : 1 - Predators : 2.
9:28 of 1st period - J.T. Miller wins face-off versus Derek Ryan in neutral zone.
9:51 of 1st period - Shot by Ilya Mikheyev.
9:51 of 1st period - Stopped by Ilya Sorokin without a rebound.
9:52 of 1st period - Bo Horvat wins face-off versus Jeff Carter in Predators zone.
9:58 of 1st period - Roman Josi is hit by Evander Kane and loses puck.
10:26 of 1st period - Off-side.
10:27 of 1st period - Tage Thompson wins face-off versus Derek Ryan in neutral zone.
10:40 of 1st period - Shot by Darnell Nurse.
10:40 of 1st period - Stopped by Tristan Jarry without a rebound.
10:41 of 1st period - Jason Dickinson wins face-off versus Yakov Trenin in Kings zone.
10:41 of 1st period - Jason Dickinson is hit by Yakov Trenin.
11:43 of 1st period - Icing by Colton Sissons.
11:44 of 1st period - Jeff Carter wins face-off versus Colton Sissons in Predators zone.
11:44 of 1st period - Jeff Carter is hit by Nikita Zadorov.
11:49 of 1st period - Jeff Carter is hit by Jake McCabe and loses puck.
11:58 of 1st period - Shot by Andrew Mangiapane.
11:58 of 1st period - Shot Misses the Net.
12:00 of 1st period - Shot by Evander Kane.
12:00 of 1st period - Shot Misses the Net.
12:15 of 1st period - Andrew Mangiapane is hit by Jake McCabe and loses puck.
12:49 of 1st period - Off-side.
12:50 of 1st period - Jason Dickinson wins face-off versus J.T. Miller in neutral zone.
13:13 of 1st period - Shot by J.T. Miller.
13:13 of 1st period - Shot Misses the Net.
13:15 of 1st period - Shot by Darnell Nurse.
13:15 of 1st period - Shot Blocked by Dmitry Orlov.
13:38 of 1st period - Kyle Connor is hit by Nick Jensen and loses puck.
13:46 of 1st period - Icing by Nick Jensen.
13:47 of 1st period - Tage Thompson wins face-off versus Jason Dickinson in Kings zone.
13:47 of 1st period - Tage Thompson is hit by Dmitry Orlov.
14:28 of 1st period - Shot by Ilya Mikheyev.
14:28 of 1st period - Stopped by Ilya Sorokin without a rebound.
14:29 of 1st period - Bo Horvat wins face-off versus Jeff Carter in Predators zone.
14:57 of 1st period - Icing by Mike Reilly.
14:58 of 1st period - Jeff Carter wins face-off versus J.T. Miller in Kings zone.
15:16 of 1st period - Shot by Mike Reilly.
15:16 of 1st period - Stopped by Ilya Sorokin without a rebound.
15:17 of 1st period - Tage Thompson wins face-off versus Derek Ryan in Predators zone.
15:32 of 1st period - Shot by Alex Tuch.
15:32 of 1st period - Stopped by Tristan Jarry without a rebound.
15:33 of 1st period - Cole Sillinger wins face-off versus Bo Horvat in Kings zone.
15:41 of 1st period - Icing by J.T. Compher.
15:42 of 1st period - Derek Ryan wins face-off versus Bo Horvat in Predators zone.
15:57 of 1st period - Shot by Brandon Saad.
15:57 of 1st period - Shot Misses the Net.
15:59 of 1st period - Shot by Brandon Saad.
15:59 of 1st period - Stopped by Ilya Sorokin without a rebound.
16:00 of 1st period - Jeff Carter wins face-off versus Tage Thompson in Predators zone.
16:00 of 1st period - Jeff Carter is hit by Brandon Carlo.
16:08 of 1st period - Evander Kane is hit by Alex Tuch and loses puck.
16:28 of 1st period - Alex Tuch is hit by Rasmus Ristolainen and loses puck.
16:45 of 1st period - Shot by Tage Thompson.
16:45 of 1st period - Shot Misses the Net.
17:14 of 1st period - Icing by David Savard.
17:15 of 1st period - Derek Ryan wins face-off versus Taylor Hall in Kings zone.
17:26 of 1st period - Shot by Ilya Mikheyev.
17:26 of 1st period - Stopped by Ilya Sorokin without a rebound.
17:27 of 1st period - J.T. Miller wins face-off versus Jason Dickinson in Predators zone.
17:27 of 1st period - J.T. Miller is hit by Dmitry Orlov.
17:51 of 1st period - Shot by Victor Olofsson.
17:51 of 1st period - Stopped by Ilya Sorokin without a rebound.
17:52 of 1st period - Bo Horvat wins face-off versus Derek Ryan in Predators zone.
18:11 of 1st period - Shot by Bo Horvat.
18:11 of 1st period - Shot Blocked by David Savard.
18:13 of 1st period - Shot by Bo Horvat.
18:13 of 1st period - Stopped by Tristan Jarry with a rebound.
18:15 of 1st period - Shot by Taylor Hall.
18:15 of 1st period - Shot Misses the Net.
18:59 of 1st period - Icing by Darnell Nurse.
19:00 of 1st period - Jason Dickinson wins face-off versus Tage Thompson in Predators zone.
19:03 of 1st period - Shot by Victor Olofsson.
19:03 of 1st period - Stopped by Ilya Sorokin without a rebound.
19:04 of 1st period - Jason Dickinson wins face-off versus J.T. Miller in Predators zone.
19:05 of 1st period - Shot by Conor Sheary.
19:05 of 1st period - Shot Misses the Net.
Goals for this period are 1 for Kings vs 2 for Predators.
Shots for this period are 11 for Kings vs 8 for Predators.

2nd period


0:01 of 2nd period - Cole Sillinger wins face-off versus Tage Thompson in neutral zone.
0:04 of 2nd period - Minor Penalty to Kirill Marchenko for Tripping.
0:05 of 2nd period - Bo Horvat wins face-off versus Jason Dickinson in Kings zone.
0:28 of 2nd period - Shot by Bo Horvat.
0:28 of 2nd period - Stopped by Tristan Jarry without a rebound.
0:29 of 2nd period - Taylor Hall wins face-off versus Jason Dickinson in Kings zone.
0:34 of 2nd period - Shot by Alex Tuch.
0:34 of 2nd period - Shot Misses the Net.
1:10 of 2nd period - Shot by Darnell Nurse.
1:10 of 2nd period - Shot Misses the Net.
1:12 of 2nd period - Shot by Darnell Nurse.
1:12 of 2nd period - Stopped by Tristan Jarry without a rebound.
1:13 of 2nd period - Bo Horvat wins face-off versus Derek Ryan in Kings zone.
1:26 of 2nd period - Shot by Roman Josi.
1:26 of 2nd period - Shot Blocked by Mattias Ekholm.
1:48 of 2nd period - Shot by Thomas Chabot.
1:48 of 2nd period - Stopped by Tristan Jarry without a rebound.
1:49 of 2nd period - Derek Ryan wins face-off versus J.T. Miller in Kings zone.
1:49 of 2nd period - Derek Ryan is hit by J.T. Miller.
2:19 of 2nd period - Rasmus Ristolainen is hit by Yakov Trenin and loses puck.
2:44 of 2nd period - Shot by Andrew Mangiapane.
2:44 of 2nd period - Stopped by Ilya Sorokin without a rebound.
2:45 of 2nd period - Tage Thompson wins face-off versus Derek Ryan in Predators zone.
2:45 of 2nd period - Tage Thompson is hit by Derek Ryan.
3:05 of 2nd period - Shot by Alex Tuch.
3:05 of 2nd period - Deflect By Tage Thompson.
3:05 of 2nd period - Stopped by Tristan Jarry with a rebound.
3:11 of 2nd period - Shot by Alex Tuch.
3:11 of 2nd period - Stopped by Tristan Jarry without a rebound.
3:12 of 2nd period - Bo Horvat wins face-off versus Jason Dickinson in Kings zone.
3:13 of 2nd period - Shot by Darnell Nurse.
3:13 of 2nd period - Stopped by Tristan Jarry without a rebound.
3:14 of 2nd period - Bo Horvat wins face-off versus Jason Dickinson in Kings zone.
3:48 of 2nd period - Shot by Jason Dickinson.
3:48 of 2nd period - Stopped by Ilya Sorokin without a rebound.
3:49 of 2nd period - Derek Ryan wins face-off versus Tage Thompson in Predators zone.
3:58 of 2nd period - Shot by Tage Thompson.
3:58 of 2nd period - Shot Misses the Net.
4:08 of 2nd period - Shot by Brandon Saad.
4:08 of 2nd period - Shot Misses the Net.
5:00 of 2nd period - Shot by Jeff Carter.
5:00 of 2nd period - Shot Misses the Net.
5:12 of 2nd period - Shot by Kyle Connor.
5:12 of 2nd period - Stopped by Tristan Jarry without a rebound.
5:13 of 2nd period - Bo Horvat wins face-off versus Cole Sillinger in Kings zone.
5:21 of 2nd period - Off-side.
5:22 of 2nd period - J.T. Miller wins face-off versus Jason Dickinson in neutral zone.
5:22 of 2nd period - Darnell Nurse is hit by Jason Dickinson and loses puck.
5:31 of 2nd period - Shot by Jason Dickinson.
5:31 of 2nd period - Deflect By Victor Olofsson.
5:31 of 2nd period - Shot Misses the Net.
6:25 of 2nd period - Shot by Jeff Carter.
6:25 of 2nd period - Shot Misses the Net.
6:27 of 2nd period - Shot by Evander Kane.
6:27 of 2nd period - Shot Misses the Net.
6:42 of 2nd period - Icing by Darnell Nurse.
6:43 of 2nd period - J.T. Miller wins face-off versus Derek Ryan in Predators zone.
6:51 of 2nd period - Icing by Darnell Nurse.
6:52 of 2nd period - Gabriel Vilardi wins face-off versus Tyler Motte in Predators zone.
7:07 of 2nd period - Roman Josi is hit by Kirill Marchenko and loses puck.
7:18 of 2nd period - Shot by Bo Horvat.
7:18 of 2nd period - Shot Hit the Post.
7:52 of 2nd period - Icing by Mattias Ekholm.
7:53 of 2nd period - Tage Thompson wins face-off versus Derek Ryan in Kings zone.
8:16 of 2nd period - Shot by Derek Ryan.
8:16 of 2nd period - Stopped by Ilya Sorokin without a rebound.
8:17 of 2nd period - Colton Sissons wins face-off versus Andrew Mangiapane in Predators zone.
8:17 of 2nd period - Colton Sissons is hit by Evander Kane.
8:35 of 2nd period - Shot by Evander Kane.
8:35 of 2nd period - Shot Misses the Net.
9:10 of 2nd period - Roman Josi is hit by Evander Kane and loses puck.
9:46 of 2nd period - Icing by Roman Josi.
9:47 of 2nd period - Lucas Raymond wins face-off versus Jason Dickinson in Predators zone.
9:54 of 2nd period - Shot by Conor Sheary.
9:54 of 2nd period - Shot Misses the Net.
10:23 of 2nd period - Icing by David Savard.
10:24 of 2nd period - Jason Dickinson wins face-off versus Bo Horvat in Kings zone.
10:24 of 2nd period - Jason Dickinson is hit by Bo Horvat.
11:05 of 2nd period - Shot by Taylor Hall.
11:05 of 2nd period - Stopped by Tristan Jarry without a rebound.
11:06 of 2nd period - Cole Sillinger wins face-off versus J.T. Miller in Kings zone.
11:06 of 2nd period - Cole Sillinger is hit by J.T. Miller.
11:20 of 2nd period - Shot by Dmitry Orlov.
11:20 of 2nd period - Stopped by Ilya Sorokin without a rebound.
11:21 of 2nd period - Derek Ryan wins face-off versus Colton Sissons in Predators zone.
11:30 of 2nd period - Shot by Ilya Mikheyev.
11:30 of 2nd period - Shot Misses the Net.
11:32 of 2nd period - Shot by Brandon Saad.
11:32 of 2nd period - Stopped by Ilya Sorokin without a rebound.
11:33 of 2nd period - J.T. Miller wins face-off versus Jason Dickinson in Predators zone.
11:33 of 2nd period - J.T. Miller is hit by Jason Dickinson.
12:03 of 2nd period - Shot by Conor Sheary.
12:03 of 2nd period - Shot Misses the Net.
12:37 of 2nd period - Icing by Brandon Saad.
12:38 of 2nd period - J.T. Compher wins face-off versus Derek Ryan in Kings zone.
12:38 of 2nd period - J.T. Compher is hit by Nick Jensen.
12:41 of 2nd period - Minor Penalty to Nick Jensen for Hooking.
12:42 of 2nd period - Jason Dickinson wins face-off versus Bo Horvat in Kings zone.
12:58 of 2nd period - Shot by Roman Josi.
12:58 of 2nd period - Stopped by Tristan Jarry without a rebound.
12:59 of 2nd period - Taylor Hall wins face-off versus Jason Dickinson in Kings zone.
13:20 of 2nd period - Shot by Alex Tuch.
13:20 of 2nd period - Stopped by Tristan Jarry without a rebound.
13:21 of 2nd period - Bo Horvat wins face-off versus Jason Dickinson in Kings zone.
13:28 of 2nd period - Shot by Thomas Chabot.
13:28 of 2nd period - Stopped by Tristan Jarry with a rebound.
13:50 of 2nd period - Shot by Thomas Chabot.
13:50 of 2nd period - Stopped by Tristan Jarry with a rebound.
13:52 of 2nd period - Shot by Thomas Chabot.
13:52 of 2nd period - Shot Misses the Net.
14:23 of 2nd period - Shot by Alex Tuch.
14:23 of 2nd period - Stopped by Tristan Jarry without a rebound.
14:24 of 2nd period - Jason Dickinson wins face-off versus J.T. Miller in Kings zone.
14:24 of 2nd period - Jason Dickinson is hit by J.T. Miller.
14:51 of 2nd period - Icing by Rasmus Ristolainen.
14:52 of 2nd period - Jeff Carter wins face-off versus Colton Sissons in Kings zone.
15:08 of 2nd period - Shot by Jeff Carter.
15:08 of 2nd period - Shot Misses the Net.
15:10 of 2nd period - Shot by Mike Reilly.
15:10 of 2nd period - Shot Misses the Net.
15:19 of 2nd period - Shot by Jeff Carter.
15:19 of 2nd period - Stopped by Ilya Sorokin with a rebound.
15:21 of 2nd period - Shot by Jeff Carter.
15:21 of 2nd period - Shot Misses the Net.
16:00 of 2nd period - Shot by Brandon Saad.
16:00 of 2nd period - Stopped by Ilya Sorokin without a rebound.
16:01 of 2nd period - Cole Sillinger wins face-off versus Bo Horvat in Predators zone.
16:15 of 2nd period - Kirill Marchenko is hit by Darnell Nurse and loses puck.
16:34 of 2nd period - Shot by Bo Horvat.
16:34 of 2nd period - Shot Misses the Net.
16:35 of 2nd period - Minor Penalty to Taylor Hall for Tripping.
16:36 of 2nd period - Colton Sissons wins face-off versus Derek Ryan in Predators zone.
16:36 of 2nd period - Colton Sissons is hit by Derek Ryan.
17:15 of 2nd period - Shot by Ilya Mikheyev.
17:15 of 2nd period - Shot Misses the Net.
17:40 of 2nd period - Shot by Andrew Mangiapane.
17:40 of 2nd period - Stopped by Ilya Sorokin without a rebound.
17:41 of 2nd period - Jeff Carter wins face-off versus Colton Sissons in Predators zone.
18:06 of 2nd period - Shot by Mattias Ekholm.
18:06 of 2nd period - Stopped by Ilya Sorokin without a rebound.
18:07 of 2nd period - Derek Ryan wins face-off versus Colton Sissons in Predators zone.
18:46 of 2nd period - Tage Thompson is hit by Rasmus Ristolainen and loses puck.
18:51 of 2nd period - Shot by Alex Tuch.
18:51 of 2nd period - Stopped by Tristan Jarry without a rebound.
18:52 of 2nd period - Jeff Carter wins face-off versus J.T. Miller in Kings zone.
18:52 of 2nd period - Jeff Carter is hit by J.T. Miller.
19:07 of 2nd period - Shot by Jeff Carter.
19:07 of 2nd period - Shot Misses the Net.
19:16 of 2nd period - Thomas Chabot is hit by David Savard and loses puck.
19:52 of 2nd period - Shot by Tage Thompson.
19:52 of 2nd period - Shot Misses the Net.
Goals for this period are 0 for Kings vs 0 for Predators.
Shots for this period are 9 for Kings vs 14 for Predators.

3rd period


0:01 of 3rd period - Derek Ryan wins face-off versus Tage Thompson in neutral zone.
0:08 of 3rd period - Shot by Brandon Saad.
0:08 of 3rd period - Deflect By Derek Ryan.
0:08 of 3rd period - Stopped by Ilya Sorokin without a rebound.
0:09 of 3rd period - Jason Dickinson wins face-off versus Taylor Hall in Predators zone.
0:16 of 3rd period - Shot by Victor Olofsson.
0:16 of 3rd period - Shot Blocked by Roman Josi.
0:28 of 3rd period - Shot by Bo Horvat.
0:28 of 3rd period - Shot Misses the Net.
0:30 of 3rd period - Shot by Roman Josi.
0:30 of 3rd period - Stopped by Tristan Jarry without a rebound.
0:31 of 3rd period - Tage Thompson wins face-off versus Ilya Mikheyev in Kings zone.
0:44 of 3rd period - Shot by Brandon Saad.
0:44 of 3rd period - Shot Misses the Net.
1:00 of 3rd period - Shot by Ilya Mikheyev.
1:00 of 3rd period - Shot Misses the Net.
1:04 of 3rd period - Shot by Ilya Mikheyev.
1:04 of 3rd period - Stopped by Ilya Sorokin with a rebound.
1:51 of 3rd period - Roman Josi is hit by Dmitry Orlov and loses puck.
2:04 of 3rd period - Shot by Bo Horvat.
2:04 of 3rd period - Shot Misses the Net.
2:06 of 3rd period - Shot by Bo Horvat.
2:06 of 3rd period - Shot Misses the Net.
2:08 of 3rd period - Shot by J.T. Compher.
2:08 of 3rd period - Stopped by Tristan Jarry with a rebound.
2:10 of 3rd period - Shot by Roman Josi.
2:10 of 3rd period - Shot Hit the Post.
2:12 of 3rd period - Shot by J.T. Compher.
2:12 of 3rd period - Stopped by Tristan Jarry without a rebound.
2:13 of 3rd period - J.T. Miller wins face-off versus Jeff Carter in Kings zone.
2:18 of 3rd period - Shot by Kyle Connor.
2:18 of 3rd period - Goal by Kyle Connor - Kings : 1 - Predators : 3.
2:19 of 3rd period - Jeff Carter wins face-off versus J.T. Miller in neutral zone.
2:54 of 3rd period - Shot by J.T. Miller.
2:54 of 3rd period - Stopped by Tristan Jarry with a rebound.
2:56 of 3rd period - Shot by J.T. Miller.
2:56 of 3rd period - Goal by J.T. Miller - Kings : 1 - Predators : 4.
2:57 of 3rd period - Bo Horvat wins face-off versus Derek Ryan in neutral zone.
2:57 of 3rd period - Bo Horvat is hit by Derek Ryan.
3:16 of 3rd period - Shot by Derek Ryan.
3:16 of 3rd period - Stopped by Ilya Sorokin without a rebound.
3:17 of 3rd period - Jason Dickinson wins face-off versus Tage Thompson in Predators zone.
3:36 of 3rd period - Shot by Lucas Raymond.
3:36 of 3rd period - Shot Misses the Net.
3:38 of 3rd period - Shot by Darnell Nurse.
3:38 of 3rd period - Stopped by Tristan Jarry without a rebound.
3:39 of 3rd period - Derek Ryan wins face-off versus Bo Horvat in Kings zone.
3:43 of 3rd period - Icing by Brandon Saad.
3:44 of 3rd period - Bo Horvat wins face-off versus Brandon Saad in Kings zone.
3:44 of 3rd period - Taylor Hall is hit by Rasmus Ristolainen and loses puck.
4:01 of 3rd period - Off-side.
4:02 of 3rd period - Jason Dickinson wins face-off versus Tage Thompson in neutral zone.
4:27 of 3rd period - Shot by Lucas Raymond.
4:27 of 3rd period - Shot Misses the Net.
4:40 of 3rd period - Tage Thompson is hit by Dmitry Orlov.
5:26 of 3rd period - Shot by Ilya Mikheyev.
5:26 of 3rd period - Shot Blocked by Brandon Carlo.
5:28 of 3rd period - Shot by Derek Ryan.
5:28 of 3rd period - Goal by Derek Ryan - Kings : 2 - Predators : 4.
5:29 of 3rd period - Jeff Carter wins face-off versus J.T. Miller in neutral zone.
5:39 of 3rd period - Shot by Evander Kane.
5:39 of 3rd period - Shot Misses the Net.
5:41 of 3rd period - Shot by Andrew Mangiapane.
5:41 of 3rd period - Stopped by Ilya Sorokin without a rebound.
5:42 of 3rd period - Colton Sissons wins face-off versus Tyler Motte in Predators zone.
6:52 of 3rd period - Shot by Ilya Mikheyev.
6:52 of 3rd period - Stopped by Ilya Sorokin without a rebound.
6:53 of 3rd period - J.T. Miller wins face-off versus Jeff Carter in Predators zone.
6:53 of 3rd period - J.T. Miller is hit by Evander Kane.
7:01 of 3rd period - Andrew Mangiapane is hit by J.T. Miller and loses puck.
7:32 of 3rd period - Shot by Evander Kane.
7:32 of 3rd period - Stopped by Ilya Sorokin without a rebound.
7:33 of 3rd period - Tage Thompson wins face-off versus Brandon Saad in Predators zone.
7:44 of 3rd period - Rasmus Ristolainen is hit by Darnell Nurse and loses puck.
8:11 of 3rd period - Darnell Nurse is hit by Ilya Mikheyev and loses puck.
8:36 of 3rd period - Shot by Brandon Carlo.
8:36 of 3rd period - Stopped by Tristan Jarry without a rebound.
8:37 of 3rd period - Jason Dickinson wins face-off versus J.T. Miller in Kings zone.
8:45 of 3rd period - Icing by Jake McCabe.
8:46 of 3rd period - J.T. Miller wins face-off versus Jason Dickinson in Predators zone.
8:55 of 3rd period - Shot by Kyle Connor.
8:55 of 3rd period - Goal by Kyle Connor - Kings : 2 - Predators : 5.
8:56 of 3rd period - Jeff Carter wins face-off versus Taylor Hall in neutral zone.
9:39 of 3rd period - Shot by J.T. Compher.
9:39 of 3rd period - Deflect By Bo Horvat.
9:39 of 3rd period - Shot Blocked by Nick Jensen.
9:44 of 3rd period - Nick Jensen is hit by Bo Horvat and loses puck.
9:51 of 3rd period - Dmitry Orlov is hit by Brandon Carlo and loses puck.
10:47 of 3rd period - Shot by Tage Thompson.
10:47 of 3rd period - Shot Blocked by David Savard.
11:05 of 3rd period - J.T. Miller is hit by David Savard and loses puck.
11:28 of 3rd period - Shot by Kyle Connor.
11:28 of 3rd period - Stopped by Tristan Jarry with a rebound.
11:54 of 3rd period - Shot by Brandon Saad.
11:54 of 3rd period - Shot Blocked by Jake McCabe.
12:11 of 3rd period - Nick Jensen is hit by Brandon Carlo and loses puck.
14:10 of 3rd period - Shot by Bo Horvat.
14:10 of 3rd period - Shot Blocked by Mattias Ekholm.
14:12 of 3rd period - Shot by Jake McCabe.
14:12 of 3rd period - Shot Misses the Net.
14:14 of 3rd period - Shot by Bo Horvat.
14:14 of 3rd period - Stopped by Tristan Jarry without a rebound.
14:15 of 3rd period - Jason Dickinson wins face-off versus Gabriel Vilardi in Kings zone.
14:48 of 3rd period - Shot by Roman Josi.
14:48 of 3rd period - Deflect By Kyle Connor.
14:48 of 3rd period - Stopped by Tristan Jarry without a rebound.
14:49 of 3rd period - Derek Ryan wins face-off versus Bo Horvat in Kings zone.
14:56 of 3rd period - Shot by Dmitry Orlov.
14:56 of 3rd period - Shot Blocked by Darnell Nurse.
15:33 of 3rd period - Shot by Bo Horvat.
15:33 of 3rd period - Stopped by Tristan Jarry without a rebound.
15:34 of 3rd period - Jeff Carter wins face-off versus Tage Thompson in Kings zone.
16:43 of 3rd period - Minor Penalty to J.T. Miller for Hooking.
16:44 of 3rd period - Colton Sissons wins face-off versus Derek Ryan in Predators zone.
17:04 of 3rd period - Shot by Derek Ryan.
17:04 of 3rd period - Shot Blocked by Jake McCabe.
17:06 of 3rd period - Shot by Derek Ryan.
17:06 of 3rd period - Stopped by Ilya Sorokin without a rebound.
17:07 of 3rd period - Colton Sissons wins face-off versus Derek Ryan in Predators zone.
18:01 of 3rd period - Shot by Nick Jensen.
18:01 of 3rd period - Stopped by Ilya Sorokin without a rebound.
18:02 of 3rd period - Evander Kane wins face-off versus Yakov Trenin in Predators zone.
19:18 of 3rd period - Off-side.
19:19 of 3rd period - Tage Thompson wins face-off versus Brandon Saad in neutral zone.
19:21 of 3rd period - Roman Josi is hit by Ilya Mikheyev and loses puck.
19:27 of 3rd period - Off-side.
19:28 of 3rd period - Derek Ryan wins face-off versus Tage Thompson in neutral zone.
Goals for this period are 1 for Kings vs 3 for Predators.
Shots for this period are 9 for Kings vs 13 for Predators.